cohdb
Replays
Latest Replays
All Replays
Popular Replays
Top Player Replays
Match Explorer
How It Works
Community
CoH3 Stats
Reddit
Sign in to upload your games and track your stats! →
Sign in with Steam
Match 42232666
Unlisted
Match 42232666
Overview
Messages
Build Orders
End
Construct Weapon Support Center
M1919 Machine Gun Team
Scout Squad
M1919 Machine Gun Team
Construct Barracks
Riflemen Squad
M1 Mortar Team
Selects Advanced Infantry Battlegroup
Selects Artillery Observers
Riflemen Squad
Selects Convert to Ranger Squad
Convert to Ranger Squad
Mechanized Support Center
Grenade Package
まどかKMZ Charlie
Insomniac
Just Classic.
PiXeL
0
0
Comments
sign in to comment!
No comments posted yet!